Unix xNetHack Version 8.0.0 - last build Jan 14 2024 16:46:22 (be4d3c81716514284228e1a23197c27ddb32b841). Game began 2024-03-02 21:10:34, ended 2024-03-03 06:51:32. Catomat, chaotic female elven Wizard --+-------- |.........| |....@ff..| |<..*.r..!. |..)}}}...| |.~%}}}.!.| |...}}}...| ..........+ |.........| |.........| ----------- Catomat the Conjurer St:14 Dx:17 Co:16 In:12 Wi:8 Ch:9 Chaotic S:847 Dlvl:6 $:97 HP:0(38) Pw:36(36) AC:9 Exp:4 T:1769 Latest messages: You stop eating the bugbear corpse. There are two objects here. You miss the rock piercer. There are two objects here. You miss the rock mole. You miss the rock mole. You miss the rock mole. The giant rat bites! You have a little trouble lifting a partly eaten bugbear corpse. Continue? [ynq] (q) The rock mole bites! The giant rat bites! Mewmew misses the giant rat. Mewmew bites the giant rat. The giant rat misses Mewmew. The rock mole eats 9 arrows! The giant rat bites! Mewmew bites the giant rat. You kill the giant rat! Mewmew eats a giant rat corpse. You swap places with Mewmew. In what direction? The spell hits the rock mole! You kill the rock mole! The spell misses the rock piercer. There are a few objects here. You miss the rock piercer. The rock piercer bites! You swap places with Mewmew. Mewmew picks up a white gem. In what direction? The spell hits the rock piercer! You kill the rock piercer! Mewmew eats a partly eaten bugbear corpse. You swap places with Mewmew. You see here 9 arrows. There are a few objects here. There is a rock piercer corpse here; eat it? [ynq] (n) This rock piercer corpse tastes tough. You stop eating the rock piercer corpse. You see here 9 arrows. C - 9 arrows {9}. What do you want to drop? [$a-qstv-xzA-CEF or ?*] You drop 9 arrows {9}. Mewmew drops a white gem. The housecat bites! You bash the housecat. The housecat bites! You die... Do you want your possessions identified? [ynq] (y) Do you want to see your attributes? [ynq] (y) Inventory: Inventory: 591/800 weight (27/52 slots) Coins $ - 97 gold pieces {1} Weapons z - a +0 silver dagger {11} a - a blessed +1 quarterstaff (weapon in hands) {40} Armor b - an uncursed +0 cloak of magic resistance (being worn) {8} x - a cursed +0 leather jacket {30} B - a cursed +0 leather light armor {150} Scrolls m - an uncursed scroll of gold detection {5} l - 2 uncursed scrolls of light {10} A - an uncursed scroll of remove curse {5} t - an uncursed scroll of scare monster {5} j - an uncursed scroll of water {5} Spellbooks c - a blessed spellbook of force bolt {35} e - a blessed spellbook of jumping {40} f - a blessed spellbook of knock {35} d - a blessed spellbook of magic missile {40} Potions o - an uncursed potion of gain ability {20} s - an uncursed potion of gain energy {20} q - an uncursed potion of levitation {20} p - an uncursed potion of object detection {20} k - a cursed potion of paralysis {20} n - an uncursed potion of sickness {20} Rings w - an uncursed ring of sustain ability {3} Wands E - a wand of create monster (0:12) {7} F - a blessed wand of lightning (0:4) {7} v - a wand of sleep (0:3) {7} Tools g - an uncursed leather drum {25} Gems/Stones h - an uncursed worthless piece of green glass {1} i - an uncursed worthless piece of orange glass {1} Catomat the Wizard's attributes: Background: You were a Conjurer, a level 4 female elven Wizard. You were chaotic, nominally on a mission for Anhur who was opposed by Ptah (lawful) and Thoth (neutral). You were heterosexual. You were in the Dungeons of Doom, on level 6. You entered the dungeon 1769 turns ago. You had 120 experience points, 40 more were needed to attain level 5. Your score was 847 before end-of-game adjustments. Basics: You had 0 out of 38 hit points. You had all 36 energy points (spell power). Your armor class was 9. Your wallet contained 97 zorkmids. Autopickup was on for '$"?!=/' plus thrown. Final Characteristics: Your strength was 14 (limit:18). Your dexterity was 17 (limit:18). Your constitution was 16 (limit:16). Your intelligence was 12 (limit:20). Your wisdom was 8 (limit:20). Your charisma was 9 (limit:18). Final Status: You were not hungry. You were unencumbered. You were wielding a quarterstaff. You had basic skill with quarterstaff. Final Attributes: You were devoutly aligned. You were magic-protected. You were sleep resistant. You had infravision. You were warded. You are dead. Miscellaneous: You never encountered a bones level. Total elapsed playing time was 54 minutes and 15 seconds. Major events: Turn 1: Catomat the chaotic female elven Wizard entered the dungeon 1254: attained the rank of Conjurer (level 3) 1419: entered the Gnomish Mines 1769: killed by a housecat Vanquished creatures: a bugbear a rock piercer a rock mole a fog cloud a kitten a rothe 2 iguanas a gas spore a hobbit 3 giant rats a yellow mold a red mold 3 geckos 2 jackals a kobold 3 goblins 3 sewer rats 2 grid bugs 2 lichens a kobold zombie 7 newts 39 creatures vanquished. No species were genocided or became extinct. Voluntary challenges: You were an atheist. You read items or engraved 3 times. You never genocided any monsters. You never polymorphed an object. You never changed form. You never touched an artifact. You used no wishes. You never scared an enemy with impunity. You were celibate. You never generated conflict. Achievements: You entered a shop. You attained the rank of Conjurer. You entered the Gnomish Mines. Dungeon overview: The Dungeons of Doom: levels 1 to 6 Level 1: Level 2: A general store, a tree. Level 3: Level 4: Stairs down to The Gnomish Mines. Level 5: A fountain. Level 6: <- You were here. Final resting place for you, killed by a housecat. The Gnomish Mines: Level 5: The Tutorial: Level 1: A tree. Game over: __________ / \ / REST \ / IN \ / PEACE \ / \ | Catomat | | 97 Au | | killed by a | | housecat | | | | | | 2024 | *| * * * | * _________)/\\_//(\/(/\)/\//\/|_)_______ Goodbye Catomat the Wizard... You died in The Dungeons of Doom on dungeon level 6 with 838 points, and 97 pieces of gold, after 1769 moves. You were level 4 with a maximum of 38 hit points when you died.